 Dungeon Sprint DCSS version 0.30-a0-123-g91d0c66ccf (webtiles) character file.

Game seed: 4185248918663901558

268806 jt the Unseen (level 12, 37/76 HPs)
             Began as a Kobold Hedge Wizard on Sept 17, 2022.
             Was the Champion of Dithmenos.
             Escaped with the Orb!
             The game lasted 00:14:26 (2395 turns).

jt the Unseen (Kobold Hedge Wizard)                 Turns: 2395, Time: 00:14:26

Health: 37/76      AC: 10    Str:  7    XL:     12   Next: 49%
Magic:  26/26      EV: 16    Int: 19    God:    Dithmenos [******]
Gold:   794        SH:  0    Dex: 14    Spells: 21/31 levels left

rFire   + + .      SeeInvis +    a - +0 dagger (venom)
rCold   + . .      Faith    .    (no shield)
rNeg    . . .      Spirit   .    v - +1 leather armour {rF+}
rPois   .          Reflect  .    E - +2 hat
rElec   +          Harm     .    (no cloak)
rCorr   .          Rampage  .    t - +1 pair of gloves of Mumblety Peg {rElec rC+ Dex+3}
Will    .....      NoTele   +    D - +1 pair of boots
Stlth   +++++.....               (no amulet)
HPRegen 0.22/turn                x - ring of Compassion {Wiz rElec rF+ Dex-5}
MPRegen 0.20/turn                y - ring of see invisible

@: hasted (expiring), wreathed by umbra, very quick
A: small, no large weapons, nightstalker 3
0: Orb of Zot
a: Renounce Religion, Shadow Step, Shadow Form


You escaped.
You worshipped Dithmenos.
Dithmenos was exalted by your worship.
You visited 1 branch You collected 3114 gold pieces.
You spent 2320 gold pieces at shops.

Inventory:

Hand Weapons
 a - a +0 dagger of venom (weapon)
Missiles
 l - 2 poisoned darts
 p - 5 curare-tipped darts
 u - 24 stones
Armour
 b - a +0 robe
 r - a +0 ring mail
 t - the +1 pair of gloves of Mumblety Peg (worn) {rElec rC+ Dex+3}
   (You bought it in a shop in the Dungeon)

   Dex:       It affects your dexterity (+3).
   rC:        It protects you from cold.
   rElec:     It insulates you from electricity.
 v - a +1 leather armour of fire resistance (worn)
 D - a +1 pair of boots (worn)
 E - a +2 hat (worn)
Jewellery
 x - the ring of Compassion (left hand) {Wiz rElec rF+ Dex-5}
   (You bought it in a shop in the Dungeon)

   [ring of wizardry]

   It improves your spell success rate.
   Dex:       It affects your dexterity (-5).
   rF:        It protects you from fire.
   rElec:     It insulates you from electricity.
 y - a ring of see invisible (right hand)
Wands
 h - a wand of iceblast (3)
 s - a wand of acid (4)
Scrolls
 i - a scroll of blinking
 k - a scroll of amnesia
 C - 2 scrolls of identify
Potions
 d - 5 potions of magic
 e - 2 potions of curing
 f - a potion of ambrosia
 g - a potion of haste
 j - 2 potions of lignification
 o - 2 potions of brilliance
 q - 2 potions of attraction
 w - 2 potions of heal wounds
 z - a potion of resistance
 A - a potion of mutation
 B - a potion of flight
Miscellaneous
 n - a lightning rod (4/4)


   Skills:
 + Level 9.3 Fighting
 - Level 10.0 Short Blades
 - Level 6.0 Throwing
 - Level 2.0 Armour
 + Level 6.4 Dodging
 + Level 18.8 Stealth
 + Level 10.2 Spellcasting
 + Level 9.6 Conjurations
 - Level 1.0 Summonings
 + Level 9.6 Translocations
 + Level 9.5 Air Magic
 + Level 9.5 Poison Magic
 + Level 6.2 Invocations
 - Level 12.9 Evocations


You had 21 spell levels left.
You knew the following spells:

 Your Spells              Type           Power      Damage    Failure   Level
a - Magic Dart            Conj           100%       1d8       1%          1
b - Blink                 Tloc           92%        N/A       1%          2
c - Call Imp              Summ           13%        N/A       4%          2
d - Cigotuvi's Dreadful   Necr/Pois/Air  66%        N/A       1%          2
e - Mephitic Cloud        Conj/Pois/Air  46%        N/A       1%          3

Your spell library contained the following spells:

 Spells                   Type           Power      Damage    Failure   Level
 Slow                     Hex            36%        N/A       4%          1


Dungeon Overview and Level Annotations

Branches:
Dungeon (1/1)

Altars:
Cheibriados
Dithmenos
Elyvilon
Fedhas
Gozag
Hepliaklqana
Kikubaaqudgha
Makhleb
Nemelex Xobeh
Okawaru
Qazlal
Ru
Sif Muna
Trog
Uskayaw
Vehumet
Wu Jian
Xom
Yredelemnul
Zin
The Shining One
Jiyva
Lugonu

Shops:
D [?=!(=(!=[![**([(

Annotations:
D Tiamat


Innate Abilities, Weirdness & Mutations

You are small and have problems with some larger weapons.
You are completely attuned to the shadows.


Message History

Okay, then.
You hit the hellion but do no damage.
The hellion is poisoned.
Your shadow barely misses the hellion.
The hellion gestures at you.
The sphere of damnation explodes!
The damnation engulfs you!!
The damnation engulfs the hellion.
The hellion completely resists.
Aiming: Corrosive Bolt
Press: ? - help, Shift-Dir - straight line, f - hellion
Aim: a hellion (lightly wounded, very poisoned, umbra, 76% to hit)
The bolt of acid hits the hellion!!
The acid corrodes the hellion!
The hellion is severely wounded.
The hellion hits you but does no damage.
You hit the hellion but do no damage.
The hellion is severely wounded.
You hit the hellion.
The hellion is severely wounded.
Your shadow hits the hellion with a dagger.
The hellion gestures at you.
The sphere of damnation explodes!
The damnation engulfs you!!
You emit a cloud of dark smoke.
The damnation engulfs the hellion.
The hellion completely resists.
Aiming: Corrosive Bolt
Press: ? - help, Shift-Dir - straight line, f/p - hellion
Aim: a hellion (black smoke, almost dead, very poisoned, covered in acid, umbra, 76% to hit)
The bolt of acid misses the hellion.
Aiming: Corrosive Bolt
Press: ? - help, Shift-Dir - straight line, f/p - hellion
Aim: a hellion (black smoke, almost dead, very poisoned, covered in acid, umbra, 76% to hit)
The bolt of acid hits the hellion!!
The hellion seems to be corroded for longer.
You kill the hellion!
Dithmenos accepts your kill.
There is an open door here.
There is an open door here.
Things that are here:
a +0 club; a +0 ring mail Your extra speed is starting to run out.
There is an open door here.
There is a staircase leading out of the dungeon here.
You have escaped!

##################
#@.#.)§§§#§§'..#__
#..'..#§§§§§#..'..
#..#####§#####'#__
#..####..#...#.###
#..#__####..##.#§§
#..#_____##'#_.'§§
*⌠⌠#_.∩...'..._#~§
***#_..__##_.#'##'
*,,#_____###'#.#§.


There were no monsters in sight!

Vanquished Creatures
  4 fire giants (D)
  A hydra (D)
  2 centaur warriors (D)
  Sonja (D)
  A deep troll (D)
  A lindwurm (D)
  An oklob plant (D)
  A hellion (D)
  4 demonic crawlers (D)
  2 kobold demonologists (D)
  7 unseen horrors (D)
  A slime creature (D)
  A hornet (D)
  Sigmund (D)
  A yak (D)
  13 hogs (D)
  2 redbacks (D)
  3 floating eyes (D)
  An ogre (D)
  7 necrophages (D)
  8 jellies (D)
  Ijyb (D)
  2 ballistomycete spores (D)
66 creatures vanquished.

Vanquished Creatures (others)
  A gargoyle (D)
1 creature vanquished.

Grand Total: 67 creatures vanquished

Notes
Turn   | Place    | Note
-------+----------+-------------------------------------------
     0 | D        | jt the Kobold Hedge Wizard began the quest for the Orb.
     0 | D        | Reached XP level 1. HP: 10/10 MP: 4/4
     2 | D        | Noticed Ijyb
     9 | D        | Killed Ijyb
    10 | D        | Reached skill level 8 in Stealth
    10 | D        | Reached XP level 2. HP: 15/15 MP: 6/6
    10 | D        | Reached XP level 3. HP: 19/19 MP: 7/7
    64 | D        | Learned a level 2 spell: Blink
    67 | D        | Learned a level 2 spell: Call Imp
    70 | D        | Learned a level 2 spell: Cigotuvi's Dreadful Rot
    71 | D        | Noticed an ogre
    73 | D        | Killed an ogre
    74 | D        | Reached skill level 11 in Stealth
    74 | D        | Reached skill level 5 in Evocations
    74 | D        | Reached XP level 4. HP: 24/24 MP: 8/8
    74 | D        | Reached XP level 5. HP: 28/28 MP: 9/9
    85 | D        | Noticed Sigmund
    88 | D        | Killed Sigmund
    89 | D        | Reached skill level 14 in Stealth
    89 | D        | Reached XP level 6. HP: 32/32 MP: 10/10
   104 | D        | Learned a level 3 spell: Mephitic Cloud
   105 | D        | Found an ornate altar of the Wu Jian Council.
   105 | D        | Found a shimmering blue altar of Sif Muna.
   106 | D        | Found a radiant altar of Vehumet.
   111 | D        | Reached skill level 1 in Poison Magic
   139 | D        | Found a hazy altar of Hepliaklqana.
   139 | D        | Found a hide-covered altar of Uskayaw.
   139 | D        | Found an opulent altar of Gozag.
   139 | D        | Noticed a yak
   140 | D        | Found Dopry's Magic Scroll Emporium.
   140 | D        | Found a stormy altar of Qazlal.
   140 | D        | Found a blossoming altar of Fedhas.
   140 | D        | Found a bloodstained altar of Trog.
   140 | D        | Found a snail-covered altar of Cheibriados.
   141 | D        | Killed a yak
   142 | D        | Reached XP level 7. HP: 36/36 MP: 11/13
   142 | D        | Found an iron altar of Okawaru.
   142 | D        | Found a sparkling altar of Nemelex Xobeh.
   142 | D        | Found a sacrificial altar of Ru.
   142 | D        | Found a glowing silver altar of Zin.
   143 | D        | Found an ancient bone altar of Kikubaaqudgha.
   143 | D        | Found a basalt altar of Yredelemnul.
   143 | D        | Found a glowing golden altar of the Shining One.
   143 | D        | Found a shadowy altar of Dithmenos.
   143 | D        | Found a white marble altar of Elyvilon.
   146 | D        | Bought a scroll of blinking for 82 gold pieces
   146 | D        | Bought a scroll of identify for 22 gold pieces
   146 | D        | Bought a scroll of fear for 44 gold pieces
   148 | D        | Became a worshipper of Dithmenos the Shadowed
   156 | D        | Noticed Sonja
   160 | D        | Killed Sonja
   161 | D        | Reached skill level 15 in Stealth
   161 | D        | Reached skill level 5 in Spellcasting
   161 | D        | Reached skill level 10 in Evocations
   161 | D        | Reached XP level 8. HP: 41/41 MP: 13/16
   178 | D        | Found Ceiplaus's Armour Boutique.
   230 | D        | Noticed a deep troll
   234 | D        | Killed a deep troll
   235 | D        | Reached XP level 9. HP: 48/48 MP: 16/18
   244 | D        | Found Xiohi's Armour Emporium.
   251 | D        | Bought the +1 pair of gloves of Mumblety Peg {rElec rC+
                  | Dex+3} for 441 gold pieces
   287 | D        | Found a viscous altar of Jiyva.
   287 | D        | Found a corrupted altar of Lugonu.
   287 | D        | Noticed a slime creature
   288 | D        | Found a burning altar of Makhleb.
   288 | D        | Found a shimmering altar of Xom.
   290 | D        | Killed a slime creature
   290 | D        | Reached * piety under Dithmenos
   291 | D        | Reached skill level 5 in Conjurations
   291 | D        | Reached skill level 5 in Translocations
   291 | D        | Reached skill level 5 in Air Magic
   302 | D        | Noticed a kobold demonologist
   303 | D        | Noticed a kobold demonologist
   305 | D        | Killed a kobold demonologist
   306 | D        | Reached skill level 5 in Poison Magic
   308 | D        | Killed a kobold demonologist
   308 | D        | Reached ** piety under Dithmenos
   309 | D        | Reached skill level 5 in Short Blades
   310 | D        | Noticed a demonic crawler
   310 | D        | Noticed a demonic crawler
   310 | D        | Noticed a demonic crawler
   310 | D        | Noticed a demonic crawler
   312 | D        | Killed a demonic crawler
   313 | D        | Reached skill level 16 in Stealth
   313 | D        | Killed a demonic crawler
   314 | D        | Reached XP level 10. HP: 58/58 MP: 18/20
   315 | D        | Killed a demonic crawler
   316 | D        | Killed a demonic crawler
   316 | D        | Reached *** piety under Dithmenos
   317 | D        | Reached skill level 5 in Fighting
   329 | D        | Noticed a lindwurm
   333 | D        | Killed a lindwurm
   349 | D        | Reached **** piety under Dithmenos
   363 | D        | Reached ***** piety under Dithmenos
   574 | D        | Noticed a centaur warrior
   574 | D        | Noticed a centaur warrior
   575 | D        | Killed a centaur warrior
   576 | D        | Reached skill level 17 in Stealth
   577 | D        | Killed a centaur warrior
   578 | D        | Reached XP level 11. HP: 61/66 MP: 18/23
   590 | D        | Noticed an oklob plant
   592 | D        | Killed an oklob plant
   593 | D        | Reached skill level 1 in Invocations
   653 | D        | Reached ****** piety under Dithmenos
  1119 | D        | Found Aleck's Distillery.
  1119 | D        | Found Buhir's Antique Weapon Boutique.
  1120 | D        | Found Fobojemi's Jewellery Shop.
  1122 | D        | Found Meosuxab's Jewellery Emporium.
  1122 | D        | Found Siven's Antique Weapon Shop.
  1122 | D        | Found Rafi Poo's Distillery.
  1122 | D        | Found Zidu's Jewellery Boutique.
  1123 | D        | Bought a potion of heal wounds for 50 gold pieces
  1125 | D        | Found Uddoimad's Antique Armour Emporium.
  1126 | D        | Found Osti's Distillery.
  1127 | D        | Found Joaqecw's Antique Armour Shoppe.
  1128 | D        | Found Raetour's General Store.
  1129 | D        | Found Potech's Weapon Emporium.
  1129 | D        | Found Gikh's General Store.
  1130 | D        | Found Duoditouh's Weapon Emporium.
  1137 | D        | Bought a scroll of blinking for 97 gold pieces
  1145 | D        | Bought the ring of Compassion {Wiz rElec rF+ Dex-5} for 486
                  | gold pieces
  1151 | D        | Bought a potion of heal wounds for 65 gold pieces
  1151 | D        | Bought a potion of resistance for 130 gold pieces
  1157 | D        | Bought a potion of haste for 100 gold pieces
  1157 | D        | Bought a potion of lignification for 30 gold pieces
  1157 | D        | Bought a potion of mutation for 80 gold pieces
  1292 | D        | Reached skill level 1 in Armour
  1546 | D        | Bought a ring of see invisible for 180 gold pieces
  1607 | D        | Identified the +6 tower shield of the Supporting Gods {Harm
                  | rN+ Will+ Slay+2}
  1607 | D        | Noticed a daeva
  1617 | D        | Reached skill level 18 in Stealth
  1988 | D        | Bought a potion of might for 48 gold pieces
  1988 | D        | Bought a potion of attraction for 36 gold pieces
  1988 | D        | Bought a potion of flight for 36 gold pieces
  1991 | D        | Bought a potion of brilliance for 52 gold pieces
  1991 | D        | Bought a potion of degeneration for 13 gold pieces
  2052 | D        | Noticed a 12-headed hydra
  2054 | D        | Killed a 12-headed hydra
  2055 | D        | Reached skill level 10 in Short Blades
  2055 | D        | Reached XP level 12. HP: 75/75 MP: 25/25
  2167 | D        | Bought a +0 pair of boots for 54 gold pieces
  2189 | D        | Bought a scroll of enchant armour for 82 gold pieces
  2208 | D        | Bought a +2 hat for 192 gold pieces
  2277 | D        | Noticed a fire giant
  2280 | D        | Noticed a fire giant
  2281 | D        | Killed a fire giant
  2282 | D        | Reached skill level 5 in Dodging
  2282 | D        | Reached skill level 5 in Invocations
  2282 | D        | Noticed a fire giant
  2283 | D        | Noticed a fire giant
  2285 | D        | Killed a fire giant
  2287 | D        | Killed a fire giant
  2288 | D        | Reached skill level 10 in Spellcasting
  2290 | D        | Killed a fire giant
  2325 | D        | Got the Orb of Zot
  2327 | D        | Found the +4 dragonskin cloak
  2327 | D        | Noticed Tiamat
  2395 | D        | Escaped with the Orb!

Illustrated notes

Levels and vault maps discovered:
D:        dungeon_sprint_1 [red_sonja_temple_1, red_sonja_temple_small_1]

Skill      XL: |  1  2  3  4  5  6  7  8  9 10 11 12 |
---------------+-------------------------------------+-----
Stealth        | 8 11 14 15 16 17 18 | 18.8
Evocations     | 5 9 10 11 12 | 12.9
Poison Magic   | 2 4 6 7 8 9 |  9.5
Spellcasting   | 4 5 6 7 8 9 10 | 10.2
Conjurations   | 2 4 6 7 8 9 |  9.6
Translocations | 2 4 6 7 8 9 |  9.6
Air Magic      | 2 4 6 7 8 9 |  9.5
Throwing       | 4 6 |  6.0
Fighting       | 2 4 6 8 9 |  9.3
Short Blades   | 3 5 8 10 | 10.0
Invocations    | 4 6 |  6.2
Dodging        | 4 6 |  6.4
Armour         | 2 |  2.0
Summonings     | |  1.0

Action                   |  1- 3 |  4- 6 |  7- 9 | 10-12 || total
-------------------------+-------+-------+-------+-------++-------
Melee: Dagger            |     6 |     3 |     8 |    97 ||   114
       Punch             |       |       |       |     2 ||     2
 Cast: Magic Dart        |       |       |     2 |    10 ||    12
       Mephitic Cloud    |       |       |       |     3 ||     3
Invok: Shadow Step       |       |       |       |     1 ||     1
Evoke: Wand              |       |       |       |    14 ||    14
  Use: Potion            |     1 |       |       |     4 ||     5
       Scroll            |       |       |       |     8 ||     8
 Stab: Sleeping          |     2 |     3 |     8 |    30 ||    43
       Confused          |       |       |       |     2 ||     2
Armor: Robe              |       |       |       |     5 ||     5
       Leather armour    |       |       |       |     7 ||     7
Dodge: Dodged            |     1 |       |       |    33 ||    34

Table legend: (Time is in decaauts)
 A = Elapsed time spent in this place.
 B = Non-inter-level travel time spent in this place.
 C = Inter-level travel time spent in this place.
 D = Time resting spent in this place.
 E = Time spent auto-exploring this place.
 F = Levels seen in this place.
 G = Mean time per level.
                   A        B        C        D        E       F      G
               +--------+--------+--------+--------+--------+-----+--------+
         Total |   2351 |   1965 |    386 |   1047 |      0 |   1 | 2351.0 |
       Dungeon |   2351 |   1965 |    386 |   1047 |      0 |   1 | 2351.0 |
               +--------+--------+--------+--------+--------+-----+--------+

Top non-repeatable levels by time:
       D: 2351 daAuts
